 Dungeon Crawl Stone Soup version 0.30-b1-2-g02819fbbbe (webtiles) character file.

Game seed: 16964615890777320788

4564 Dirian the Cleaver (level 10, -1/91 HPs)
             Began as a Minotaur Berserker on May 13, 2023.
             Was an Elder of Trog.
             Killed from afar by an acid dragon (21 damage)
             ... with a splash of acid
             ... on level 9 of the Dungeon.
             The game lasted 00:11:15 (7011 turns).

Dirian the Cleaver (Minotaur Berserker)             Turns: 7011, Time: 00:11:15

Health: -1/91      AC: -5    Str: 26    XL:     10   Next: 18%
Magic:  9/9        EV: 13    Int:  4    God:    Trog [****..]
Gold:   73         SH:  0    Dex: 10    Spells: 9/9 levels left

rFire   . . .        a - +2 battleaxe
rCold   . . .        (shield currently unavailable)
rNeg    + . .        v - +0 toga "Victory" {*Victory Clar}
rPois   +            (helmet restricted)
rElec   .            (no cloak)
rCorr   .            (no gloves)
SInv    +            (no boots)
Will    ++...        D - amulet of regeneration
Stlth   +            b - ring of poison resistance
HPRegen 2.15/turn    f - ring "Yjuluki" {rN+ SInv}
MPRegen 0.11/turn

%: clarity
@: strong-willed, corroded, regenerating
A: horns 2, retaliatory headbutt
a: Renounce Religion, Berserk, Trog's Hand, Brothers in Arms


You were on level 9 of the Dungeon.
You worshipped Trog.
Trog was greatly pleased with you.
You visited 1 branch of the dungeon, and saw 9 of its levels.

You collected 566 gold pieces.
You spent 493 gold pieces at shops.

Inventory:

Hand Weapons
 a - a +2 battleaxe (weapon)
 x - a +0 broad axe
 y - a +4 scimitar of flaming
Armour
 p - a +1 chain mail
 v - the +0 toga "Victory" (worn) {*Victory Clar}
   (You found it on level 4 of the Dungeon)

   *Victory:  When the wearer kills a threatening monster, it has a chance to
   gain +1 AC, +1 Slay, and +1 Int, capping at +7.
   When the wearer uses a scroll or a potion with a hostile monster in sight,
   its bonuses reset to +0.
   Unequipping it also resets its bonuses to +0.
   Clar:      It protects you from confusion, rage, mesmerisation and fear.
Jewellery
 b - a ring of poison resistance (left hand)
 f - the ring "Yjuluki" (right hand) {rN+ SInv}
   (You found it on level 5 of the Dungeon)

   [ring of positive energy]

   rN:        It protects you from negative energy.
   SInv:      It lets you see invisible.
 D - an amulet of regeneration (around neck)
Wands
 c - a wand of flame (11)
 i - a wand of iceblast (22)
 o - a wand of paralysis (8)
 B - a wand of polymorph (3)
Scrolls
 h - 2 scrolls of enchant armour
 t - 5 scrolls of teleportation
 u - 2 scrolls of immolation
Potions
 e - a potion of magic
 j - 5 potions of attraction
 k - 2 potions of mutation
 l - 4 potions of flight
 m - a potion of brilliance {unknown}
 n - 2 potions of degeneration {unknown}
 q - 4 potions of curing
 s - 3 potions of haste {unknown}
 w - 3 potions of heal wounds
 A - a potion of ambrosia {unknown}


   Skills:
 + Level 9.3 Fighting
 + Level 13.4 Axes
 + Level 7.4 Armour
 - Level 5.0 Dodging


You had 9 spell levels left.
You didn't know any spells.
Your spell library was empty.

Dungeon Overview and Level Annotations

Branches:
Dungeon (9/15) Zot: 26977  Temple (0/1) D:7            Lair (0/5) D:9
    Orc: D:9-12

Altars:
Nemelex Xobeh
Uskayaw
Xom

Shops:
D:6 (   D:8 =:*


Innate Abilities, Weirdness & Mutations

You have a pair of horns on your head.
You reflexively headbutt those who attack you in melee.


Message History

The hound barks!
Your headbutt misses the acid dragon.
The electric eel shoots out a bolt of lightning at you!
The bolt of electricity hits you! The acid dragon barely misses you.
You furiously retaliate!
You headbutt the acid dragon! The acid dragon claws you.
You closely miss the acid dragon.
The acid dragon is moderately wounded.
The acid dragon spits acid at you. The splash of acid hits you!
The acid corrodes you!
The electric eel shoots out a bolt of lightning at you!
The bolt of electricity hits you! The acid dragon spits acid at you.
The splash of acid hits you!
* * * LOW HITPOINT WARNING * * *
The acid corrodes you!
The electric eel shoots out a bolt of lightning at you!
The bolt of electricity misses you.
The electric eel shoots out a bolt of lightning at you!
The bolt of electricity hits you!
* * * LOW HITPOINT WARNING * * *
The electric eel shoots out a bolt of lightning at you!
The bolt of electricity hits you!
* * * LOW HITPOINT WARNING * * *
An electric eel comes into view.
Okay, then.
Really quaff with monsters nearby while wearing the +7 toga "Victory"? [Y]es or [N]o only, please.
Really quaff with monsters nearby while wearing the +7 toga "Victory"?
Okay, then.
Unknown command.
Really quaff with monsters nearby while wearing the +7 toga "Victory"?
You feel much better.
The +0 toga "Victory" stops glowing.
The electric eel shoots out a bolt of lightning at you!
The bolt of electricity hits you!
* * * LOW HITPOINT WARNING * * *
The acid dragon spits acid at you. The splash of acid hits you!!
You die...

#..# .# #.. #..#
..#
#..#####..####..#
>...............
...............
#.....<...#
#.........#
#......[..#
#...@.....###
####...............
.......D...........
..........(.~~~≈~≈~
##..~.~....~~≈≈≈≈~.
#..T.~..~≈≈≈≈≈≈≈≈~
#...~≈~.~≈≈≈≈≈≈≈~≈
#...≈≈≈≈~≈≈S≈S~≈≈≈
#..≈≈≈≈≈≈≈≈h~.~


You could see a troll, an acid dragon (catching breath) and 2 electric eels.

Vanquished Creatures
  Erica (D:8)
  A hornet (D:7)
  Prince Ribbit (D:6)
  Grinder (D:3)
  A steam dragon (D:9)
  3 water moccasins
  An orc warrior (D:7)
  3 black bears
  An ice beast (D:8)
  An ogre (D:6)
  A centaur (D:8)
  A phantom (D:5)
  4 bullfrogs
  A kobold brigand (D:6)
  2 scorpions
  15 wights
  4 killer bees (D:7)
  An electric eel (D:9)
  A howler monkey (D:3)
  4 hounds
  2 gnoll boudas
  2 orc priests (D:8)
  2 sleepcaps
  2 iguanas
  4 orc wizards
  Ijyb (D:5)
  8 gnolls
  11 adders
  A shadow imp (D:6)
  3 white imps
  3 ufetubi
  2 worms
  4 dart slugs
  15 orcs
  6 bats
  6 endoplasms
  2 giant cockroaches
  4 goblins (D:2)
  8 hobgoblins
  4 jackals (D:2)
  16 kobolds
  3 quokkas
  11 ball pythons
  5 frilled lizards
  10 rats
183 creatures vanquished.

Vanquished Creatures (others)
  8 plants (D:1)
8 creatures vanquished.

Grand Total: 191 creatures vanquished

Notes
Turn   | Place    | Note
-------+----------+-------------------------------------------
     0 | D:1      | Dirian the Minotaur Berserker began the quest for the Orb.
     0 | D:1      | Reached XP level 1. HP: 19/19 MP: 0/0
   198 | D:1      | Reached skill level 4 in Axes
   198 | D:1      | Reached XP level 2. HP: 14/27 MP: 1/1
   519 | D:1      | Reached ** piety under Trog
   739 | D:2      | Found a shimmering altar of Xom.
   744 | D:2      | Reached XP level 3. HP: 33/33 MP: 2/2
   983 | D:2      | Reached XP level 4. HP: 32/41 MP: 3/3
  1140 | D:2      | Found a faded altar of an unknown god.
  1159 | D:2      | Reached *** piety under Trog
  1634 | D:3      | Noticed Grinder
  1636 | D:3      | Paralysed by Grinder for 5 turns
  1662 | D:3      | Killed Grinder
  1663 | D:3      | Reached skill level 5 in Fighting
  1663 | D:3      | Reached skill level 5 in Axes
  1663 | D:3      | Reached XP level 5. HP: 6/48 MP: 4/4
  1663 | D:3      | Reached XP level 6. HP: 7/56 MP: 5/5
  2521 | D:4      | Reached skill level 6 in Axes
  2521 | D:4      | Reached skill level 5 in Armour
  2643 | D:4      | Found a sparkling altar of Nemelex Xobeh.
  2672 | D:4      | Found the +0 toga "Victory" {*Victory Clar}
  2944 | D:5      | Entered Level 5 of the Dungeon
  3037 | D:5      | Reached XP level 7. HP: 57/61 MP: 6/6
  3209 | D:5      | Identified the ring "Yjuluki" {rN+ SInv}
  3509 | D:5      | Noticed Ijyb
  3514 | D:5      | Killed Ijyb
  3620 | D:5      | Reached skill level 7 in Axes
  3625 | D:5      | Reached XP level 8. HP: 49/70 MP: 7/7
  4179 | D:6      | Reached **** piety under Trog
  4234 | D:6      | Found Suomios's Weapon Boutique.
  4237 | D:6      | Bought a +0 broad axe for 48 gold pieces
  4294 | D:6      | Reached skill level 5 in Dodging
  4577 | D:6      | Noticed Prince Ribbit
  4600 | D:6      | Reached skill level 8 in Axes
  4612 | D:6      | Killed Prince Ribbit
  4714 | D:6      | Found a hide-covered altar of Uskayaw.
  5048 | D:7      | Reached skill level 9 in Axes
  5141 | D:7      | Reached XP level 9. HP: 61/79 MP: 8/8
  5232 | D:7      | Reached skill level 10 in Axes
  5340 | D:7      | Reached skill level 11 in Axes
  5516 | D:7      | Found a staircase to the Ecumenical Temple.
  5944 | D:7      | Reached skill level 12 in Axes
  6142 | D:8      | Noticed Erica
  6148 | D:8      | Killed Erica
  6159 | D:8      | Found a transporter.
  6162 | D:8      | Found Rialij's Jewellery Boutique.
  6209 | D:8      | Found Ijown's Book Shop.
  6215 | D:8      | Reached XP level 10. HP: 91/91 MP: 9/9
  6373 | D:8      | Reached skill level 13 in Axes
  6428 | D:8      | Found Vuer's General Store.
  6435 | D:8      | Bought a potion of heal wounds for 55 gold pieces
  6690 | D:8      | Found a transporter.
  6883 | D:8      | Bought an amulet of regeneration for 390 gold pieces
  7000 | D:9      | Found a staircase to the Lair.
  7011 | D:9      | Killed from afar by an acid dragon

Illustrated notes

Levels and vault maps discovered:
D:1:      onia_arrival_mini_spirals, layout_rooms, lexackson_kobold_supper
D:2:      layout_rooms, nicolae_ecumenical_snake_handling, basic_altar
D:3:      layout_basic, uniq_grinder
D:4:      layout_gridville, nemelex_diamond_rough_becter
D:5:      nicolae_cairo_tiling_large, layout_basic, uniq_ijyb
D:6:      layout_basic, nicolae_uskayaw_dance_studio, serial_shops,
          nicolae_shop_pleasant_corner_grove, corexii_shack, uniq_prince_ribbit1
D:7:      layout_basic, minmay_temple_entry_statues_pillars,
          serial_corexii_hall, corexii_hall_statues_l, corexii_hall_statues_u
D:8:      layout_loops_cross, serial_shops, nicolae_shop_statue_plus,
          nicolae_shop_drivethru, nicolae_book_shop_shelving,
          kennysheep_cross_bottleneck, uniq_erica
D:9:      layout_small_grid, erik_lair_island, special_room [special_room_bee],
          minmay_misc_feat_tower, nicolae_shop_firing_range

Skill      XL: |  1  2  3  4  5  6  7  8  9 10 |
---------------+-------------------------------+-----
Axes           | 4 5 6 7 9 12 13 | 13.4
Fighting       | 4 5 7 9 |  9.3
Armour         | 3 4 5 6 7 |  7.4
Dodging        | 3 4 5 |  5.0

Action                     |  1- 3 |  4- 6 |  7- 9 | 10-12 || total
---------------------------+-------+-------+-------+-------++-------
  Melee: Hand axe          |    70 |   103 |    68 |       ||   241
         Punch             |     1 |       |       |       ||     1
         Headbutt          |    11 |    20 |    28 |     6 ||    65
         Broad axe         |       |       |    71 |       ||    71
         Battleaxe         |       |       |    33 |    27 ||    60
 Invoke: Berserk           |       |     3 |     5 |       ||     8
         Trog's Hand       |       |       |     2 |     1 ||     3
    Use: Scroll            |       |    10 |     4 |     3 ||    17
         Potion            |       |       |       |     1 ||     1
   Stab: Sleeping          |       |       |     1 |       ||     1
 Armour: Animal skin       |     5 |       |       |       ||     5
         Ring mail         |     6 |    18 |       |       ||    24
         Scale mail        |       |    18 |       |       ||    18
         Robe              |       |     3 |    42 |     9 ||    54
  Dodge: Dodged            |    48 |    81 |   141 |    14 ||   284
